[Event "Budapest IM-B ONE WEEK Feb 2024"]
[Site "Budapest"]
[Date "2024.03.01"]
[Round "8.4"]
[White "Mouhamad, Joachim"]
[Black "Poysti, Nathanael"]
[Result "0-1"]
[ECO "B11"]
[WhiteElo "2316"]
[BlackElo "2163"]
[Annotator "RC"]
[PlyCount "106"]
[EventDate "2024.02.25"]
[EventType "tourn"]
[EventCountry "HUN"]
[SourceTitle "playchess.com"]
[Source "ChessBase"]
[SourceQuality "1"]
[TimeControl "5400+30"]

1. e4 c6 2. Nf3 d5 3. Nc3 Bg4 4. h3 Bxf3 5. Qxf3 e6 6. Be2 Bc5 7. O-O Nd7 8. exd5 exd5 9. Re1 Ne7 10. Na4 Bd6 11. d4 O-O 12. Bd3 Re8 13. Bd2 Nf8 14. g3 Ne6 15. Be3 Qd7 16. Kg2 Rf8 17. Nc5 Bxc5 18. dxc5 d4 19. Bd2 Nxc5 20. Bb4 b6 21. Bxc5 bxc5 22. Re5 Nd5 23. Rae1 Qd6 24. h4 g6 25. h5 Rad8 26. Bc4 Ne3+ 27. R1xe3 dxe3 28. Qxe3 Qd4 29. Qxd4 cxd4 30. Re7 Kg7 31. hxg6 hxg6 32. Rxa7 Ra8 33. Rc7 Rac8 34. Ra7 Ra8 35. Rc7 Rac8 36. Rxc8 Rxc8 37. Kf3 f5 38. Ke2 Kf6 39. Kd3 c5 40. a4 Ra8 41. b3 Ra7 42. Bd5 Ke5 43. Kc4 Kd6 44. f4 Rh7 45. a5 Rh2 46. a6 Rxc2+ 47. Kd3 Ra2 48. Bf7 Rxa6 49. Bxg6 Ke6 50. Bh5 Ra1 51. g4 Rc1 52. gxf5+ Kxf5 53. Bf7 Rc3+ 0-1

[Event "Budapest IM-B ONE WEEK Feb 2024"]
[Site "Budapest"]
[Date "2024.03.01"]
[Round "8.5"]
[White "Velikic, Adela"]
[Black "Krizsany, Laszlo"]
[Result "0-1"]
[ECO "B03"]
[WhiteElo "2266"]
[BlackElo "2346"]
[Annotator "TA"]
[PlyCount "68"]
[EventDate "2024.02.25"]
[EventType "tourn"]
[EventCountry "HUN"]
[SourceTitle "playchess.com"]
[Source "ChessBase"]
[SourceQuality "1"]
[TimeControl "5400+30"]

1. e4 Nf6 2. e5 Nd5 3. c4 Nb6 4. d4 d6 5. f4 dxe5 6. fxe5 Nc6 7. Be3 g6 8. Be2 Bg7 9. Nf3 O-O 10. Nc3 Bg4 11. O-O Qd7 12. c5 Nd5 13. Nxd5 Qxd5 {[%emt 0:00:15] White is slightly better.} 14. h3 (14. Qd2 $14 {might be stronger.}) 14... Bf5 15. Rc1 (15. Qd2 $5) 15... Rad8 16. Bc4 Qd7 17. Ng5 (17. Qd2 $11) 17... Bh6 $1 $15 (17... Nxd4 18. c6 bxc6 (18... Nxc6 19. Nxf7 Rc8 20. Qxd7 $18) 19. g4 $11) 18. Qe1 Bxg5 $1 ({Much weaker is} 18... Nxd4 19. c6 bxc6 (19... Nxc6 $2 {loses.} 20. e6 $18) 20. Qh4 Bxg5 21. Bxg5 $11) 19. Bxg5 {[%emt 0:00:05] aiming for d5.} Be6 (19... Qxd4+ {is more complex.} 20. Kh2 Bd3 21. Rf4 Qxb2 22. Bb3 Bf5) 20. Rf4 Nxd4 21. Bf1 Bxa2 {[%emt 0:03:55] Strongly threatening ...Ne6.} 22. Kh2 $2 ({Don't blunder} 22. Rd1 $2 Nf3+ 23. Rxf3 Qxd1 $19) (22. Bh6 $17 {is a better defense.}) 22... Ne6 $19 23. c6 bxc6 24. Ra4 Bb3 25. Ra3 Rb8 26. Bh6 Rfd8 27. Qc3 Qd5 28. Rxa7 Qe4 {[%emt 0:02:33] Inhibits Be3. Threatens to win with ...g5.} 29. Re1 Qh4 30. Be3 Bd5 31. Ra3 {[%emt 0:00:34] [#]} Rxb2 $3 32. Rd1 (32. Rea1 Rdb8) 32... Rdb8 {[%emt 0:00:34] White must now prevent ...Qe4.} 33. Ra5 $2 (33. Bc1 R2b3 34. Qe1 Qxe1 35. Rxe1) 33... Ng5 34. Kg1 {[%emt 0:00:28] [#]} (34. Bxg5 $19 Qxg5 35. Qg3 Qxg3+ 36. Kxg3) 34... Nxh3+ $1 {[%emt 0:00:47] White did not feel at home in the position after the opening.   Weighted Error Value: White=0.61/Black=0.34.  Loses game:     	White=1     	---        Mistake:       	White=4     	---        Inaccurate:     	White=3     	Black=2      OK:         	White=5     	Black=12     Best:        	---       	Black=1      Strong:       	---       	Black=2} 0-1

[Event "Budapest IM-B ONE WEEK Feb 2024"]
[Site "Budapest"]
[Date "2024.03.02"]
[Round "9.2"]
[White "Poysti, Nathanael"]
[Black "Velikic, Adela"]
[Result "1/2-1/2"]
[ECO "A20"]
[WhiteElo "2163"]
[BlackElo "2266"]
[Annotator "TA"]
[PlyCount "82"]
[EventDate "2024.02.25"]
[EventType "tourn"]
[EventCountry "HUN"]
[SourceTitle "playchess.com"]
[Source "ChessBase"]
[SourceQuality "1"]
[TimeControl "5400+30"]

1. c4 e5 2. g3 d6 3. Bg2 f5 4. Nc3 Be7 5. d3 Nf6 6. e3 O-O 7. Nge2 a5 8. O-O Qe8 9. f4 c6 10. b3 Na6 11. Bb2 Bd8 12. Qd2 Bb6 13. d4 exd4 14. exd4 Ne4 15. Nxe4 fxe4 16. Bc3 {[%emt 0:16:29] Dodges Nb4} Nc7 (16... Nb4 $15) 17. Kh1 ({Better is} 17. h3 $1 $11) 17... a4 (17... Bg4 $15) 18. Bb4 Rf6 19. Nc3 e3 20. Qd3 {[%emt 0:07:07] aiming for Ne4.} c5 (20... axb3 $11 21. Ne4 (21. axb3 Rxa1 22. Rxa1 Bf5 $11) 21... Rh6 22. Nxd6 (22. Bxd6 Qh5 $17) 22... Qh5) 21. dxc5 (21. Nxa4 Bf5 (21... Rxa4 22. bxa4 cxb4 23. c5 $15) 22. Qe2 Rxa4 23. dxc5 Rxb4 $19 (23... dxc5 24. Bc3 $17)) (21. Ne4 $14 cxb4 22. Nxf6+ gxf6 23. Rae1) 21... dxc5 $11 22. Ba3 {[%emt 0:05:24] [#] Strongly threatening Rfe1.} axb3 {[%emt 0:00:13] White must now prevent ...Bf5.} 23. axb3 Bf5 24. Qe2 Rd8 {[%emt 0:00:45] Repels Rfd1} 25. Rad1 {[%emt 0:00:36] Repels Rd2. Rxd8 is the strong threat.} Rfd6 26. Rxd6 Rxd6 27. Rd1 {[%emt 0:06:16] Dodges Bd3} Rd4 (27... Rxd1+ $11 {should be considered.} 28. Qxd1 (28. Nxd1 $2 Bg4 $19) 28... Ba5) 28. Bf3 h6 (28... Kh8 $14) 29. Kg2 (29. Bb2 $16) 29... g5 30. fxg5 hxg5 31. g4 ({White should play} 31. h3 $16) 31... Ne6 32. Qxe3 (32. gxf5 $2 {perishes.} Nf4+ 33. Kf1 Nxe2 $19) (32. Nd5 $16 Bh7 33. Nf6+ (33. Nxb6 $2 {is the wrong capture.} Nf4+ 34. Kf1 Nxe2 $19) 33... Kf7 34. Nxe8 Nf4+ 35. Kf1 Nxe2 36. Kxe2 Kxe8 37. Kxe3) 32... Nf4+ {[%emt 0:00:11] The position is equal.} 33. Kf2 Nh3+ 34. Ke2 Nf4+ 35. Kf2 {[%emt 0:00:01][%cal Be2f2,Bf2e3,Be3d2][%mdl 32] Really sharp!} Qxe3+ 36. Kxe3 Bc2 37. Rxd4 cxd4+ 38. Kd2 Bxb3 {[%emt 0:00:14] [#] Threatens to win with ...Ba5.} (38... dxc3+ $2 {loses.} 39. Kxc2 Bc7 40. Bxb7 $18) 39. Nd5 Ba5+ 40. Bb4 Bxb4+ 41. Nxb4 b6 {[%emt 0:00:49] Weighted Error Value: White=0.22 (precise) /Black=0.19 (very precise) .  Mistake:       	White=5     	Black=6      Inaccurate:     	White=2     	Black=2      OK:         	White=10    	Black=12     Best:        	White=5     	Black=2} 1/2-1/2

[Event "Budapest IM-B ONE WEEK Feb 2024"]
[Site "Budapest"]
[Date "2024.03.02"]
[Round "9.3"]
[White "Jakab, Attila"]
[Black "Papp, Sarah"]
[Result "*"]
[ECO "D37"]
[WhiteElo "2282"]
[BlackElo "2281"]
[Annotator "RC"]
[PlyCount "25"]
[EventDate "2024.02.25"]
[EventType "tourn"]
[EventCountry "HUN"]
[SourceTitle "playchess.com"]
[Source "ChessBase"]
[SourceQuality "1"]
[TimeControl "5400+30"]

1. d4 d5 2. c4 e6 3. Nf3 Nf6 4. Nc3 a6 5. cxd5 exd5 6. Bg5 Be6 7. e3 Nbd7 8. Be2 c6 9. Ne5 Be7 10. f4 Nxe5 11. dxe5 Ng8 12. Bxe7 Nxe7 13. Qd2 *

[Event "Budapest IM-B ONE WEEK Feb 2024"]
[Site "Budapest"]
[Date "2024.03.02"]
[Round "9.3"]
[White "Nemeth, Zoltan"]
[Black "Mouhamad, Joachim"]
[Result "1-0"]
[ECO "D37"]
[WhiteElo "2194"]
[BlackElo "2316"]
[Annotator "TA"]
[PlyCount "151"]
[EventDate "2024.02.25"]
[EventType "tourn"]
[EventCountry "HUN"]
[SourceTitle "playchess.com"]
[Source "ChessBase"]
[SourceQuality "1"]
[TimeControl "5400+30"]

1. d4 d5 2. c4 e6 3. Nf3 Nf6 4. Nc3 a6 5. cxd5 exd5 6. Bg5 Be6 7. e3 Nbd7 8. Be2 {[%emt 0:02:27] Weiß steht etwas besser.} c6 9. Ne5 Be7 10. f4 Nxe5 11. dxe5 Ng8 12. Bxe7 Nxe7 13. Qd2 O-O 14. O-O f6 15. exf6 Rxf6 16. Rad1 Qb6 17. Na4 Qa7 18. b4 Re8 19. Nc5 Bc8 (19... Nf5 $15) 20. Bh5 $11 Ref8 21. Rf2 {[%emt 0:05:52] [#]} a5 $1 22. a3 axb4 23. axb4 Bf5 ({Besser ist} 23... Nf5 $11) 24. g4 (24. Qc3 $14) 24... b6 25. g5 Rd6 26. Nb3 Be4 27. Bg4 c5 {[%emt 0:02:43] Verhindert Nd4} 28. Ra1 Qc7 29. Qc3 Rc6 30. bxc5 bxc5 31. Rfa2 {[%emt 0:00:37] Ra7 wäre nun fies.} d4 32. exd4 (32. Qc1 $1 $11 {hält das Gleichgewicht.}) 32... Qxf4 (32... Rxf4 33. Qg3 h5 34. Bxh5 $16) 33. Qg3 cxd4 (33... Qxg5 34. Be6+ (34. dxc5 $2 Rg6 $19) 34... Rxe6 35. Qxg5 $11) 34. Qxf4 Rxf4 35. Ra8+ Kf7 36. Bd7 Rd6 37. Be8+ Ke6 38. Nc5+ (38. R8a7 $15) 38... Kf5 $17 39. R8a7 (39. R1a6 {ist eine bessere Verteidigung.} Ke5 40. Rxd6 Kxd6 41. Nxe4+ Rxe4 42. h3) 39... Rg4+ $19 40. Kf1 Nd5 {[%emt 0:03:16] Und ...Ne3+ würde nun gewinnen.} 41. Rf7+ (41. Bd7+ Rxd7 42. Nxd7 Ne3+ (42... Kxg5 43. Nc5 $11) (42... Rxg5 43. R7a3 $17) 43. Ke1 Rg1+ (43... Kxg5 $2 44. R1a2 $19) (43... Rxg5 44. R1a5+ Bd5 45. Nb6 $11) (43... Nc2+ $2 44. Kf1 $19) 44. Kf2 Rg2+ (44... Rxg5 45. R1a5+ Bd5 46. Nb6 $15) 45. Ke1 Nc2+ (45... Rxh2 $2 46. R1a5+ Kf4 47. Ne5 $19) (45... Kxg5 46. Nc5 $11) 46. Kd1 d3 $19 (46... Rg1+ $2 47. Kd2 $19)) 41... Kxg5 42. Rxg7+ Bg6 43. Bxg6 hxg6 (43... Rxg6 44. Rxg6+ hxg6 45. Ra6 $15) 44. Ke2 (44. Rf7 $17 {war einen Versuch wert.}) 44... Rc6 45. Ra5 {[%emt 0:00:43] [#]} Kh6 $1 46. Rga7 (46. Rf7 $17) 46... Rc8 $2 (46... Rf6 $19 {Droht stark ...Nb4.} 47. Nd7 Rf5 48. Rxd5 Rg2+ (48... Rxd5 49. Nf6 $15) 49. Kd3 Rxd5) 47. Ra8 $1 $11 Rxa8 48. Rxa8 {[%emt 0:00:07][%mdl 4096] Endspiel. KRN-KRN} Ne7 49. Kf3 Rh4 (49... Rg1 $11) 50. Rh8+ $18 Kg5 51. Ne6+ Kf6 52. Rxh4 Kxe6 53. Rxd4 {[%emt 0:00:06] KR-KN} Nf5 54. Ra4 Kf6 55. Kf4 {[%emt 0:00:45] Droht Matt per Ra6+.} Kg7 $2 (55... Nh6 56. Ra6+ Kg7) 56. Kg5 $2 (56. Ke5 Ne3 57. Rd4) 56... Nd6 57. Kf4 $2 (57. Ra7+ $18 Nf7+ 58. Kg4) 57... Nf7 $2 (57... Nf5 $1 $11 {und Schwarz steht sicher.}) 58. Ke4 Kf6 59. Kd5 Nh6 60. Ke4 Nf7 $1 61. Kf4 Kg7 62. Ra7 Kf6 63. Ra6+ Kg7 64. Ke4 Kh6 65. Kd5 Ng5 $2 (65... Kh5 66. Ra8 Kh6) 66. Ke5 $2 (66. Ra7 $18 Nf3 67. Ra3) 66... Kh5 $2 {[%emt 0:00:46][%mdl 8192] Verliert die Partie.} (66... Nf3+ $14 67. Kf4 Ng5 (67... Nxh2 68. Ra1 Kg7 69. Rh1 g5+ 70. Kg3 Kf6 71. Rxh2 Ke7 72. Rh6)) 67. Kf4 $2 (67. Ra3 {setzt Matt} Kg4 68. Kf6 Nf3 69. h3+ (69. Kxg6 Nxh2 70. Ra4+ Kf3 $11) 69... Kf4 70. Kxg6 Ne5+ 71. Kh5 Nf7 72. Ra5) 67... Nh3+ $2 (67... Nf7 68. Ra7 g5+ 69. Kf3 Ne5+ 70. Kg3 Nc4 71. Rh7+ Kg6) 68. Kg3 Ng5 69. Ra7 {[%emt 0:00:30] Weiss droht Re7 und Matt.} Ne6 70. Re7 Nd4 71. Kf4 Kh6 {[%emt 0:00:26] Verhindert Rh7+} 72. Ra7 Nf5 73. Ra8 $2 (73. Rd7 Nh4 74. Rd5) 73... Nd6 $2 {[%emt 0:00:39] [#]} (73... Ne7 $18 74. Rh8+ Kg7) 74. Ke5 $1 Nf5 75. Kf6 Kh7 76. Ra3 {[%emt 0:00:30] Gewichteter Fehlerwert: Weiß=0.33/Schwarz=0.31.  Verlustzug:     	---       	Schwarz=3     Gewinn verpasst:   	Weiß=1     	Schwarz=1     Fehler:       	Weiß=7     	Schwarz=5     Ungenau:       	Weiß=2     	Schwarz=4     OK:         	Weiß=20    	Schwarz=18    Bester:       	Weiß=7     	Schwarz=9     Stark:        	Weiß=1     	Schwarz=2} 1-0

[Event "Budapest IM-B ONE WEEK Feb 2024"]
[Site "Budapest"]
[Date "2024.03.02"]
[Round "9.4"]
[White "Szeberenyi, Adam"]
[Black "Horvath, David"]
[Result "*"]
[ECO "B23"]
[WhiteElo "2260"]
[BlackElo "2330"]
[Annotator "RC"]
[PlyCount "25"]
[EventDate "2024.02.25"]
[EventType "tourn"]
[EventCountry "HUN"]
[SourceTitle "playchess.com"]
[Source "ChessBase"]
[SourceQuality "1"]
[TimeControl "5400+30"]

1. e4 c5 2. Nc3 d6 3. d4 cxd4 4. Qxd4 Nc6 5. Qd2 Nf6 6. b3 e6 7. Bb2 d5 8. exd5 exd5 9. O-O-O Be6 10. Kb1 Qa5 11. Nb5 Qxd2 12. Rxd2 Ne4 13. Re2 *

[Event "Budapest IM-B ONE WEEK Feb 2024"]
[Site "Budapest"]
[Date "2024.03.02"]
[Round "9.4"]
[White "Matyassy, Lazar"]
[Black "Golis, Wiktor"]
[Result "1/2-1/2"]
[ECO "B23"]
[WhiteElo "2176"]
[BlackElo "2123"]
[Annotator "RC"]
[PlyCount "35"]
[EventDate "2024.02.25"]
[EventType "tourn"]
[EventCountry "HUN"]
[SourceTitle "playchess.com"]
[Source "ChessBase"]
[SourceQuality "1"]
[TimeControl "5400+30"]

1. e4 c5 2. Nc3 d6 3. d4 cxd4 4. Qxd4 Nc6 5. Qd2 Nf6 6. b3 e6 7. Bb2 d5 8. exd5 exd5 9. O-O-O Be6 10. Kb1 Qa5 11. Nb5 Qxd2 12. Rxd2 Ne4 13. Re2 O-O-O 14. f3 Nc5 15. Nd4 Nxd4 16. Bxd4 Bf5 17. Re5 Bg6 18. g3 1/2-1/2

[Event "Budapest IM-B ONE WEEK Feb 2024"]
[Site "Budapest"]
[Date "2024.03.02"]
[Round "9.5"]
[White "Ulasevich, Sergei"]
[Black "Toth-Goczo, Melinda"]
[Result "*"]
[ECO "D02"]
[WhiteElo "2261"]
[BlackElo "2189"]
[Annotator "RC"]
[PlyCount "22"]
[EventDate "2024.02.25"]
[EventType "tourn"]
[EventCountry "HUN"]
[SourceTitle "playchess.com"]
[Source "ChessBase"]
[SourceQuality "1"]
[TimeControl "5400+30"]

1. d4 d5 2. Nf3 Nf6 3. Bf4 e6 4. e3 Bd6 5. Nbd2 O-O 6. c3 c5 7. Bg3 Qc7 8. dxc5 Qxc5 9. c4 dxc4 10. Bxc4 Bxg3 11. hxg3 Nc6 *

[Event "Budapest IM-B ONE WEEK Feb 2024"]
[Site "Budapest"]
[Date "2024.03.02"]
[Round "9.5"]
[White "Haszon, David"]
[Black "Polyik, Peter"]
[Result "1/2-1/2"]
[ECO "D02"]
[WhiteElo "2245"]
[BlackElo "2289"]
[Annotator "TA"]
[PlyCount "208"]
[EventDate "2024.02.25"]
[EventType "tourn"]
[EventCountry "HUN"]
[SourceTitle "playchess.com"]
[Source "ChessBase"]
[SourceQuality "1"]
[TimeControl "5400+30"]

1. d4 d5 2. Nf3 Nf6 3. Bf4 e6 4. e3 Bd6 5. Nbd2 O-O 6. c3 c5 7. Bg3 Qc7 8. dxc5 Qxc5 9. c4 dxc4 10. Bxc4 Bxg3 11. hxg3 Nc6 12. Rc1 Qe7 13. Qc2 e5 14. Bb5 Bd7 15. Bxc6 (15. Ne4 $11 Nxe4 16. Qxe4) 15... Bxc6 $15 16. g4 Rac8 (16... Nxg4 17. Qxh7#) (16... e4 $1 $17 17. g5 (17. Nd4 Rfc8 $17) 17... Ng4) 17. g5 $40 {[%emt 0:09:34][%mdl 128] Weiss hat was vor.} Bd7 (17... Bb5 $11 18. Qxc8 (18. gxf6 $2 Rxc2 19. Rxc2 Qxf6 $19) 18... Rxc8 19. Rxc8+ Ne8) 18. Nc4 $1 $16 Rxc4 19. Qxc4 Rc8 20. Qxc8+ (20. gxf6 $2 Rxc4 (20... gxf6 $2 21. Qxc8+ Bxc8 22. Rxc8+ $18) 21. Rxc4 Qxf6 $17 (21... gxf6 22. O-O $17)) 20... Bxc8 21. Rxc8+ Ne8 22. O-O h6 $2 (22... e4 $16 23. Rd1 exf3) 23. gxh6 (23. Rd1 $1 $18 Kh7 24. Rcd8) 23... gxh6 24. Rd1 Kg7 25. Rd5 (25. Rdc1 $16) 25... Nf6 $2 ({Vorzuziehen ist} 25... Qe6 $14 26. Rdc5 (26. Rxe5 $2 Qxc8 27. Nd4 Nf6 $19) 26... Nf6) 26. Rxe5 $18 Qd6 27. Rc1 b6 28. Rf5 Ng4 29. Rf4 h5 30. Nd4 Qe5 31. Rc3 Kg6 32. Nf3 Qd5 {[%emt 0:00:12] ( -> ...Qd1+)} 33. Nh4+ Kh7 34. g3 $1 Qxa2 35. Rc7 {[%emt 0:04:03] Aktives Gegenspiel!} Nh6 36. Kg2 a5 37. e4 Qxb2 38. Nf5 a4 $2 (38... Nxf5 $16 39. Rxf5 Kg6 40. Rcxf7 (40. Rfxf7 h4 $18) 40... Qd4) 39. Nxh6 Kxh6 40. Rcxf7 $2 {[%emt 0:01:51][%mdl 4096] Endspiel. KQ-KRR} (40. Rfxf7 $18 {Weiss will mit Rc6+ Matt setzen.} Kg6 41. Rfe7) 40... Kg6 $16 41. Rb7 $2 (41. Re7 $1 $18 {e5 ist eine echte Drohung.} h4 42. e5 (42. Rxh4 a3 $18) (42. gxh4 Qe2 $18) 42... hxg3 43. Rf6+ Kg5 44. Rg7+ (44. Kxg3 $2 Qa3+ 45. Kg2 Qxe7 $19) 44... Kh5 45. Rf5+ (45. Rxg3 Qxe5 46. Rh3+ Kg5 $18) 45... Kh6 46. Rxg3) 41... Qd4 (41... b5 $11) 42. Kh2 $18 {[%emt 0:01:23][%cal Oe4e5] Schwarz muss nun e5! beachten.} h4 $2 (42... a3) 43. Rg4+ (43. gxh4 a3 44. Ra7 Qb2 $11) 43... Kh6 44. Rxh4+ (44. gxh4 Qxf2+ 45. Rg2 Qd4 $15 (45... Qxh4+ 46. Kg1 $11)) 44... Kg6 45. Rf4 {[%emt 0:01:05][%cal Oe4e5] e5! wäre nun fies.} a3 {[%emt 0:02:22] [#]} 46. e5 $1 Qxe5 47. Rxb6+ Kg7 48. Rb7+ Kg6 49. Rb6+ Kg7 {[%emt 0:00:05] Und ...a2 würde nun gewinnen.} 50. Ra6 $2 (50. Rg4+ $18 {und der Rest ist Schweigen.} Kf8 51. Ra6) 50... Qh5+ $16 51. Kg2 (51. Kg1 $5 Qd1+ $8 52. Kh2 Qh5+ 53. Kg2 Qd5+ 54. Kh3 $11) 51... Qd5+ 52. f3 $1 a2 53. Rfa4 $1 Qd2+ 54. Kh3 Qd3 $2 (54... Qd5 $16) 55. Ra7+ (55. Rxa2 Qxf3 56. Ra7+ Kg6 $11) 55... Kg6 56. R4a6+ (56. Rxa2 Qxf3 57. R2a6+ Kg5 58. Ra5+ Kf6 59. R7a6+ Kf7 $11) 56... Kg5 57. f4+ (57. Rxa2 Qxf3 58. R7a5+ Kf6 $18) (57. Rg7+ $142 Kf5 58. Rf7+ (58. Rxa2 Qf1+ 59. Kh2 Ke6 $18) 58... Ke5 59. Rxa2 Qf1+ 60. Kg4 Qh1 61. f4+ Kd4 62. Rd7+ Kc5 63. Ra5+ Kc6 64. Rad5) 57... Kf5 $18 58. Rxa2 Qf1+ 59. Kh2 Kg4 60. Rg7+ Kf3 61. Rga7 Kg4 $1 62. Rg2 Qb1 63. f5 Qxf5 64. Ra4+ Kg5 65. Rf4 $2 (65. Re2 $1 $18 Qh7+ 66. Rh4) 65... Qh7+ 66. Rh4 Qd3 67. Rf2 Qb3 $2 (67... Qe3 $16 {war angesagt.}) 68. Re4 Qb1 $2 (68... Qb8 $18 69. Ra2 Qb7) 69. Rfe2 Qf1 70. Re6 Qb1 71. Kg2 $2 (71. R2e5+ Kg4 72. Re4+ Kg5 73. R6e5+ Kf6 74. Kh3) 71... Qb7+ 72. R6e4 Qc6 $2 (72... Kg6 73. Kh2 Qd5) 73. Kh2 $2 (73. Kh3 {Und jetzt Re5+ wäre schön.} Qc8+ 74. Re6 Qh8+ 75. Kg2) 73... Qh6+ 74. Rh4 Qd6 75. Rc2 (75. Rh8 $18 {und Weiss behält klar die Oberhand.}) 75... Qd1 (75... Qe5 $16 76. Rd2 Kf6) 76. Rhc4 (76. Rc5+ $1 $18 {ist der präzise Gewinnweg.} Kg6 77. Rc6+ Kf7 78. Rf4+ Kg7 79. Re4 Qh5+ 80. Kg2) 76... Qd3 (76... Qh5+ $16 {war einen Versuch wert.} 77. Kg2 Qd1) 77. Rc5+ Kg6 78. Rb2 $1 Qd6 {[%emt 0:00:56] [#] Pariert Rb6.} 79. Rcb5 $1 Qd1 80. Rb6+ Kg7 81. Rb7+ Kg6 82. R7b6+ (82. R2b6+ $142 Kf5 83. Rf7+ Ke5 84. Rf2) 82... Kg7 $16 {[%emt 0:00:06] [#]} 83. g4 Qf3 $11 ({Schlechter ist} 83... Qxg4 84. Rg2) 84. Rb7+ Kf6 $2 (84... Kf8 $11) 85. R2b6+ $18 Ke5 86. Rb5+ $2 ({Weiss braucht} 86. Re7+ $16 Kd5 87. Rg6) 86... Ke6 $11 {[%emt 0:00:16] Die Stellung ist ausgeglichen.} 87. R7b6+ Ke7 88. Rb7+ Ke6 89. g5 Qf2+ 90. Kh3 Qf3+ 91. Kh4 {[%emt 0:00:07] Zielt auf R5b6+ ab.} Qh1+ 92. Kg4 {[%emt 0:00:05] Droht R5b6+ und aus.} Qd1+ 93. Kf4 Qd4+ 94. Kg3 $1 Qe3+ 95. Kh4 Qd4+ 96. Kh5 Qh8+ $1 97. Kg6 {[%emt 0:00:17] jetzt Rb8 und aus.} Qg8+ 98. Kh6 {[%emt 0:00:10] Weiss droht Rb8 und Matt.} Qh8+ 99. Kg6 $1 {[%emt 0:01:28] Droht Matt per Rb8.} Qg8+ 100. Kh5 (100. Kh6 $5 Qh8+ $8 101. Kg6 $11) 100... Qh8+ 101. Kg4 (101. Kg6 $5 Qg8+ $8 $11) 101... Qd4+ 102. Kf3 Qd3+ 103. Kf2 Qd2+ 104. Kf3 Qd3+ {[%emt 0:00:04] Gewichteter Fehlerwert: Weiß=0.61/Schwarz=0.45.  Verlustzug:     	---       	Schwarz=6     Gewinn verpasst:   	Weiß=2     	---        Fehler:       	Weiß=10    	Schwarz=8     Ungenau:       	Weiß=1     	Schwarz=4     OK:         	Weiß=21    	Schwarz=19    Bester:       	Weiß=9     	Schwarz=23    Stark:        	Weiß=7     	Schwarz=2} 1/2-1/2